 Dungeon Crawl Stone Soup version 0.21.1-1-g345015fe64 (webtiles) character file.

154 Kejsarherre the Cudgeler (level 5, 0/42 HPs)
             Began as a Demonspawn Gladiator on May 10, 2018.
             Slain by Pikel
             ... wielding a +0 whip of freezing
              (4 damage)
             ... on level 4 of the Dungeon.
             The game lasted 00:02:39 (1650 turns).

Kejsarherre the Cudgeler (Demonspawn Gladiator)     Turns: 1650, Time: 00:02:39

Health: 0/42       AC:  3    Str: 15    XL:     5   Next: 13%
Magic:  5/5        EV: 12    Int:  9    God:
Gold:   96         SH:  0    Dex: 15    Spells: 4/4 levels left

rFire    + . .     SeeInvis .   a - +0 flail
rCold    + . .     Gourm    .   (no shield)
rNeg     . . .     Faith    .   b - +0 leather armour
rPois    +         Spirit   .   (helmet restricted)
rElec    +         Reflect  .   (no cloak)
rCorr    +         Harm     .   (no gloves)
MR       .....                  (no boots)
Stlth    +.........             (no amulet)
HPRegen  0.14/turn              (no ring)
MPRegen  0.09/turn              (no ring)

@: resistant
A: horns 1, spiny 1
a: no special abilities


You were on level 4 of the Dungeon.
You were very hungry.

You visited 2 branches of the dungeon, and saw 5 of its levels.

You collected 96 gold pieces.

Inventory:

Hand Weapons
 a - a +0 flail (weapon)
Missiles
 d - 2 throwing nets (quivered)
Armour
 b - a +0 leather armour (worn)
 c - a +0 helmet
Scrolls
 g - a scroll of identify {unknown}
 h - a scroll of remove curse {unknown}
 i - a scroll of amnesia {unknown}
 j - a scroll of enchant armour {unknown}
Comestibles
 f - 6 rations


   Skills:
 + Level 4.0 Fighting
 + Level 4.2 Maces & Flails
 - Level 1.7 Throwing
 - Level 2.6 Dodging


You had 4 spell levels left.
You didn't know any spells.

Dungeon Overview and Level Annotations

Branches:
Dungeon (4/15)             Temple (1/1) D:4

Altars:
Ashenzari
Cheibriados
Elyvilon
Fedhas
Gozag
Hepliaklqana
Nemelex Xobeh
Qazlal
Ru
Uskayaw
Wu Jian
Xom
Yredelemnul
Zin

Annotations:
D:4 Pikel


Innate Abilities, Weirdness & Mutations

You have a pair of small horns on your head.
You are partially covered in sharp spines.


Message History

You hit Pikel but do no damage.
Pikel is lightly wounded.
Pikel barely misses you.
You hit Pikel. Your headbutt misses Pikel.
Pikel is moderately wounded.
Pikel hits you with a whip of freezing.
* * * LOW HITPOINT WARNING * * *
You hit Pikel.
Pikel is moderately wounded.
Pikel is struck by your spines. Pikel hits you with a whip of freezing!
* * * LOW HITPOINT WARNING * * *
Pikel freezes you.
* * * LOW HITPOINT WARNING * * *
You hit Pikel but do no damage. Your headbutt misses Pikel.
Pikel is heavily wounded.
Pikel is struck by your spines. Pikel closely misses you.
You sock Pikel!
Pikel is almost dead.
Pikel is struck by your spines. Pikel hits you with a whip of freezing.
You die...

###########
#.p.ppp....
#.########.
#p# #.....
##########.#
##+##.
#..@Kppp##.##
##
#.#####p....#
#.# ###..##
#.# #.## #.#
#.# #.## #.+
#..# ### ##.#
#.#


You could see Pikel and 4 slaves.

Vanquished Creatures
  An ogre (D:4)
  An orc priest (D:3)
  An adder skeleton (D:4)
  A worm (D:2)
  2 leopard geckos (D:4)
  7 orcs
  A giant cockroach (D:4)
  2 goblins
  3 hobgoblins
  3 kobolds
  A ball python (D:1)
  5 bats
  3 frilled lizards
  A leopard gecko skeleton (D:4)
  2 rats
34 creatures vanquished.

Notes
Turn   | Place    | Note
-------+----------+-------------------------------------------
     0 | D:1      | Kejsarherre the Demonspawn Gladiator began the quest for the Orb.
     0 | D:1      | Reached XP level 1. HP: 16/16 MP: 1/1
   425 | D:2      | Gained mutation: You are partially covered in sharp spines. [demonic ancestry]
   425 | D:2      | Reached XP level 2. HP: 23/23 MP: 2/2
   808 | D:3      | Reached XP level 3. HP: 29/29 MP: 3/3
  1091 | D:4      | Noticed an ogre
  1105 | D:4      | Killed an ogre
  1105 | D:4      | Reached XP level 4. HP: 37/37 MP: 4/4
  1105 | D:4      | Gained mutation: You have a pair of small horns on your head. [demonic ancestry]
  1105 | D:4      | Reached XP level 5. HP: 42/42 MP: 5/5
  1282 | D:4      | Found a staircase to the Ecumenical Temple.
  1306 | Temple   | Entered the Ecumenical Temple
  1615 | D:4      | Noticed Pikel
  1615 | D:4      | Noticed a slave
  1616 | D:4      | Noticed a slave
  1617 | D:4      | Noticed a slave
  1619 | D:4      | Noticed a slave
  1650 | D:4      | Slain by Pikel

Skill      XL: |  1  2  3  4  5 |
---------------+----------------+-----
Maces & Flails | 3 4 |  4.2
Fighting       | 3 4 |  4.0
Throwing       | |  1.7
Dodging        | |  2.6

Action                   |  1- 3 |  4- 6 || total
-------------------------+-------+-------++-------
Melee: Flail             |    69 |    19 ||    88
       Headbutt          |       |     3 ||     3
Throw: Throwing net      |     2 |       ||     2
  Use: Potion            |       |     1 ||     1
 Stab: Sleeping          |     1 |       ||     1
  Eat: Chunk             |       |     1 ||     1
Armor: Leather armour    |    19 |     4 ||    23
Dodge: Dodged            |    61 |    11 ||    72
